Map: Cañón atribulado

Players

alphanoize

  • Race: Terran Terran
  • Spawn Location: 12:00

RayUSandA

  • Race: Zerg Zerg
  • Spawn Location: 3:00

KillerAlfa

  • Race: Terran Terran
  • Spawn Location: 12:00

TATORREA

  • Race: Protoss Protoss
  • League: Gold
  • Spawn Location: 6:00

MrFercho

  • Race: Zerg Zerg
  • League: Silver
  • Spawn Location: 6:00

tigro

  • Race: Terran Terran
  • League: Bronze
  • Spawn Location: 7:00

VOD

Have the link to the VOD?

Description

Time

  • Played on: July 1, 2020, 10:09 p.m.
  • Length: 9:27
Show
View Real Time Build Order
Export as new Build Order

alphanoize Terran 

Build Orders:  

Get SALT Encoding   

  12  0:00  SCV  
  13  0:17  Supply Depot  
  13  0:18  SCV  
  14  0:35  SCV  
  15  0:40  Barracks  
  15  0:45  Refinery  
  15  0:54  SCV  
  16  1:08  SCV  
  17  1:14  Refinery  
  17  1:20  SCV  
  18  1:36  SCV  
  19  1:49  Factory  
  19  1:58  SCV  
  20  2:11  SCV  
  20  2:13  Supply Depot  
  21  2:24  SCV  
  22  2:35  Starport  
  22  2:41  Armory, Factory Tech Lab  
  22  2:45  SCV  
  23  3:05  SCV  
  24  3:18  Fusion Core  
  24  3:41  Starport  
  24  4:03  Factory Tech Lab  
  24  4:06  Command Center  
  24  4:14  Battlecruiser  
  30  4:35  Refinery  
  30  4:55  Supply Depot  
  30  5:03  Supply Depot  
  31  5:07  Orbital Command  
  30  5:17  Battlecruiser  
  36  5:34  SCV x2  
  38  5:44  Refinery  
  38  5:46  SCV  
  39  5:52  Factory Tech Lab  
  39  6:00  Terran Ship Weapons Level 1  
  39  6:07  SCV x2  
  41  6:11  Supply Depot  
  41  6:19  SCV x2, Weapon Refit  
  43  6:31  SCV  
  44  6:42  Battlecruiser  
  44  6:43  SCV  
  51  6:55  SCV  
  52  7:05  Battlecruiser  
  33  8:02  Raven  
  36  8:20  SCV  
  36  8:32  SCV  
  36  8:33  SCV  
  38  8:44  SCV  
  38  8:45  SCV  
  42  8:56  SCV  
  42  8:57  SCV  
  44  9:08  SCV  
  46  9:10  SCV  
Show
View Real Time Build Order
Export as new Build Order

RayUSandA Zerg 

Build Orders: Hatch First 

Get SALT Encoding   

  12  0:04  Drone  
  13  0:13  Overlord  
  13  0:22  Drone  
  13  0:27  Extractor, Drone  
  14  0:39  Drone  
  14  0:40  Drone  
  16  1:00  Hatchery  
  16  1:01  Drone  
  16  1:05  Drone  
  17  1:15  Drone  
  18  1:24  Drone  
  19  1:30  Spawning Pool  
  18  1:37  Drone  
  19  1:48  Drone  
  20  1:57  Drone  
  20  1:58  Evolution Chamber  
  20  2:16  Drone x2  
  20  2:17  Queen  
  24  2:25  Overlord  
  24  2:26  Drone  
  25  2:37  Extractor  
  24  2:44  Roach Warren  
  24  2:45  Drone  
  24  2:46  Drone  
  25  2:54  Drone x2  
  25  2:55  Extractor  
  25  2:58  Lair  
  26  3:09  Zergling x4  
  28  3:12  Overlord  
  28  3:13  Overlord  
  28  3:15  Extractor  
  27  3:26  Evolution Chamber  
  26  3:28  Zerg Missile Weapons Level 1  
  26  3:32  Queen  
  28  3:38  Drone x2  
  30  3:43  Overlord  
  30  3:54  Roach x2  
  34  4:01  Zerg Ground Armor Level 1  
  34  4:08  Queen  
  36  4:13  Drone  
  36  4:15  Drone  
  42  4:31  Roach x3  
  42  4:35  Roach  
  42  4:36  Roach  
  48  4:44  Glial Reconstitution  
  48  4:58  Drone x2  
  48  4:59  Drone x2  
  52  5:02  Overlord  
  52  5:06  Overlord  
  51  5:22  Roach x3  
  51  5:26  Drone  
  51  5:27  Drone x2  
  60  5:35  Drone x3  
  63  5:40  Overlord  
  63  5:49  Roach  
  65  5:56  Roach  
  67  6:05  Roach x3  
  67  6:10  Roach  
  75  6:20  Overlord x3  
  66  6:57  Roach  
  66  6:58  Roach x5  
  72  7:01  Roach  
  72  7:02  Roach x6  
  86  7:09  Ravager x4  
  86  7:14  Roach  
  92  7:16  Roach  
  92  7:17  Roach  
  90  8:21  Roach x5  
  90  8:26  Overlord x3  
Show
View Real Time Build Order
Export as new Build Order

KillerAlfa Terran 

Build Orders:  

Get SALT Encoding   

  12  0:09  SCV  
  13  0:19  Refinery  
  13  0:21  SCV  
  14  0:26  Refinery  
  14  0:46  SCV  
  15  0:58  Supply Depot  
  15  1:20  Barracks, SCV  
  15  1:25  Supply Depot  
  16  1:32  SCV  
  17  1:44  SCV  
  18  1:56  SCV  
  19  2:07  Factory  
  19  2:08  SCV  
  20  2:20  SCV  
  21  2:32  SCV  
  22  3:12  Starport  
  22  3:14  Starport  
  22  3:20  Starport  
  22  3:50  Starport Tech Lab  
  22  3:53  Starport Tech Lab  
  22  3:57  Starport Tech Lab  
  22  4:08  Fusion Core  
  22  4:55  Battlecruiser  
  28  5:09  Command Center  
  28  5:11  SCV  
  29  5:23  Refinery  
  29  5:25  Supply Depot  
  29  5:31  Supply Depot  
  29  5:39  SCV  
  30  5:47  Battlecruiser  
  30  5:49  Refinery  
  36  6:10  Weapon Refit  
  30  7:06  Battlecruiser  
  30  8:08  Battlecruiser x2  
Show
View Real Time Build Order
Export as new Build Order

TATORREA Protoss 

Build Orders:  

Get SALT Encoding   

  12  0:03  Probe  
  13  0:15  Probe  
  13  0:21  Pylon  
  14  0:28  Probe  
  15  0:40  Gateway, Probe  
  16  0:52  Probe  
  17  0:59  Assimilator  
  17  1:01  Probe  
  18  1:04  Pylon  
  18  1:09  Probe  
  18  1:18  Probe  
  20  1:30  Probe  
  20  1:32  Cybernetics Core  
  21  1:36  Gateway  
  21  1:42  Probe  
  21  1:44  Assimilator  
  21  1:54  Probe  
  22  2:06  Probe  
  23  2:17  Nexus  
  23  2:23  Pylon  
  23  2:39  Probe  
  24  2:52  Robotics Facility, Probe  
  24  2:54  Warp Gate  
  24  2:56  Stalker  
  27  3:00  Sentry, Probe  
  30  3:08  Probe  
  31  3:18  Probe  
  31  3:27  Pylon  
  32  3:28  Stalker  
  32  3:30  Pylon  
  32  3:31  Sentry  
  32  3:32  Probe  
  37  3:36  Probe  
  38  3:47  Probe  
  38  3:48  Probe  
  40  3:51  Observer  
  41  3:59  Probe  
  41  4:00  Probe  
  43  4:10  Stalker  
  43  4:12  Probe  
  43  4:13  Immortal, Probe  
  51  4:25  Probe  
  51  4:26  Probe  
  53  4:34  Nexus  
  53  4:39  Pylon  
  53  4:43  Pylon, Probe x2  
  55  4:52  Probe x2  
  55  4:53  Assimilator  
  55  4:57  Assimilator  
  57  5:00  Probe x2  
  57  5:06  Immortal  
  63  5:10  Probe x2  
  65  5:22  Probe  
  65  5:23  Probe  
  67  5:34  Probe  
  67  5:35  Probe  
  69  5:47  Probe x3, Nexus  
  72  5:53  Pylon  
  72  5:56  Pylon  
  72  5:59  Probe x2  
  72  6:00  Pylon, Probe  
  72  6:02  Pylon  
  75  6:08  Stalker, Pylon  
  75  6:09  Stalker  
  75  6:11  Probe x2  
  80  6:12  Probe  
  82  6:23  Probe x2  
  82  6:24  Probe  
  85  6:28  Assimilator  
  85  6:32  Assimilator  
  85  6:40  Stalker x2  
  81  7:03  Stalker  
  81  7:05  Stalker  
  67  7:43  Stalker  
  67  7:44  Stalker  
  59  8:08  Stalker x2  
  63  8:18  Probe x3  
  66  8:20  Probe  
  67  8:30  Probe x3  
  70  8:40  Stalker x2  
Show
View Real Time Build Order
Export as new Build Order

MrFercho Zerg 

Build Orders: Pool First 

Get SALT Encoding   

  12  0:01  Drone  
  13  0:18  Extractor  
  12  0:27  Spawning Pool  
  11  0:29  Drone  
  11  0:34  Drone  
  13  0:39  Drone  
  14  0:49  Overlord  
  14  1:03  Extractor, Drone  
  14  1:07  Drone  
  15  1:14  Drone  
  16  1:26  Metabolic Boost  
  16  1:28  Drone  
  17  1:35  Drone  
  17  1:39  Queen  
  20  1:44  Drone  
  21  1:56  Overlord  
  21  2:17  Hatchery  
  20  2:41  Lair  
  20  2:45  Zergling x6  
  23  2:58  Drone  
  24  3:09  Evolution Chamber, Drone  
  24  3:10  Drone  
  24  3:11  Drone x2  
  27  3:18  Drone  
  28  3:29  Drone x2  
  30  3:35  Queen  
  30  3:39  Zerg Melee Weapons Level 1  
  32  3:44  Hydralisk Den  
  32  3:46  Zergling x6  
  34  3:49  Drone  
  35  4:00  Nydus Network, Drone  
  35  4:06  Overlord  
  35  4:27  Drone x5  
  35  4:31  Grooved Spines  
  40  4:41  Drone x3  
  40  4:43  Lurker Den  
  42  4:46  Extractor  
  42  4:47  Drone  
  42  4:49  Extractor, Drone  
  42  5:04  Evolution Chamber, Drone x3  
  42  5:06  Overlord  
  44  5:23  Hydralisk x3  
  44  5:24  Hydralisk  
  52  5:31  Zerg Missile Weapons Level 1  
  52  5:34  Overlord  
  52  5:41  Overseer  
  52  5:55  Hydralisk x3  
  58  6:03  Lurker  
  59  6:12  Lurker  
  60  6:18  Overlord x2  
  60  6:19  Overlord  
  60  6:28  Hatchery  
  60  6:30  Drone  
  40  6:56  Nydus Canal  
  40  7:00  Hydralisk x5  
  34  7:41  Hydralisk  
  34  7:42  Hydralisk x3  
  27  8:00  Muscular Augments  
  27  8:03  Drone  
  27  8:08  Drone  
  22  8:20  Drone  
  22  8:21  Drone  
  22  8:27  Drone  
  25  8:35  Drone  
  25  8:39  Zergling x14  
  33  8:56  Drone x4  
  33  9:01  Hydralisk  
Show
View Real Time Build Order
Export as new Build Order

tigro Terran 

Build Orders:  

Get SALT Encoding   

  12  0:03  SCV  
  13  0:15  SCV  
  14  0:25  Supply Depot  
  14  0:27  SCV  
  15  0:41  Refinery  
  15  0:47  SCV  
  16  0:50  Barracks  
  16  1:01  SCV  
  17  1:10  Refinery  
  17  1:13  SCV  
  18  1:25  SCV  
  19  1:37  SCV  
  19  1:39  Marine  
  21  1:41  Supply Depot  
  21  1:49  SCV  
  22  1:57  Marine  
  23  2:02  SCV  
  24  2:15  Marine  
  25  2:22  Barracks  
  25  2:33  Marine  
  26  2:42  Orbital Command  
  26  2:51  Marine  
  27  2:52  Engineering Bay  
  27  3:10  Barracks Reactor  
  27  3:12  Barracks Tech Lab  
  27  3:18  Factory  
  27  3:28  SCV  
  28  3:37  Terran Infantry Weapons Level 1  
  28  3:56  Combat Shield  
  28  3:59  Command Center  
  28  4:02  Marine x3  
  31  4:07  Factory Tech Lab  
  31  4:19  Marine  
  31  4:20  Marine  
  33  4:29  Starport  
  33  4:40  Siege Tank  
  36  5:07  Medivac, Starport  
  36  5:12  Refinery  
  38  5:15  Stimpack  
  38  5:20  Marine  
  38  5:21  Marine x2  
  41  5:32  Terran Infantry Armor Level 1  
  41  5:38  Marine x3  
  41  5:39  SCV  
  45  5:48  Starport Tech Lab x2  
  45  5:51  SCV  
  45  5:56  Marine x3  
  49  6:03  SCV  
  50  6:04  Armory  
  50  6:14  Marine x2  
  50  6:15  SCV  
  50  6:17  Siege Tank  
  56  6:27  SCV  
  56  6:29  Refinery  
  57  6:39  SCV  
  53  6:51  SCV  
  53  6:53  Fusion Core  
  46  7:01  Marine x3  
  38  7:03  SCV  
  39  7:16  SCV  
  39  7:19  Marine x3  
  40  7:36  Marine  
  40  7:37  Marine x2  
  43  7:53  Banshee  
  43  7:54  Marine x3  
  15  8:44  SCV  
  15  8:45  Supply Depot  
  13  8:56  SCV  
  14  9:08  Supply Depot, SCV  
Tags
 
Add a new tag
Caveats
  • Supply blocks, unpowered buildings, or Contaminate may cause inaccurate times.
  • Supply counts are checked every 10 seconds.